 Dungeon Crawl Stone Soup version 0.29-a0-330-g52719c12eb (webtiles) character file.

Game seed: 15019821579048287185

21369 Armakuni the Destroyer (level 13, -4/93 HPs)
             Began as a Human Conjurer on May 15, 2022.
             Was an Elder of Vehumet.
             Slain by a large abomination (14 damage)
             ... in a Gauntlet on May 26, 2022.
             The game lasted 00:46:54 (15994 turns).

Armakuni the Destroyer (Human Conjurer)            Turns: 15994, Time: 00:46:55

Health: -4/93      AC: 15    Str: 10    XL:     13   Next: 19%
Magic:  18/34      EV: 12    Int: 23    God:    Vehumet [****..]
Gold:   427        SH:  0    Dex: 12    Spells: 18/29 levels left

rFire   + . .      SeeInvis .   a - +10 morningstar of Honour {venom, rN+}
rCold   . . .      Faith    .   x - orb {*channel}
rNeg    + . .      Spirit   .   G - +0 steam dragon scales
rPois   .          Reflect  .   q - +1 helmet
rElec   .          Harm     .   t - +1 cloak of a sewer {rF+ Regen+ Str+2}
rCorr   .          Rampage  .   w - +0 pair of gloves
Will    .....      NoTele   +   k - +0 pair of boots
Stlth   ++........              M - amulet of magic regeneration
HPRegen 1.05/turn               A - +4 ring of protection
MPRegen 0.64/turn               P - ring of magical power

@: very slightly contaminated
A: no striking features
a: Renounce Religion


You were in a Gauntlet.
You worshipped Vehumet.
Vehumet was greatly pleased with you.
You visited 3 branches of the dungeon, and saw 13 of its levels.
You also visited: Gauntlet.

You collected 862 gold pieces.
You spent 435 gold pieces at shops.

Inventory:

Hand Weapons
 a - the +10 morningstar of Honour (weapon) {venom, rN+}
   (You bought it in a shop on level 7 of the Dungeon)

   It poisons the flesh of those it strikes.
   rN:        It protects you from negative energy.
Missiles
 c - a curare-tipped dart
Armour
 k - a +0 pair of boots (worn)
 q - a +1 helmet (worn)
 t - the +1 cloak of a sewer (worn) {rF+ Regen+ Str+2}
   (You found it in a Gauntlet)

   Str:       It affects your strength (+2).
   rF:        It protects you from fire.
   Regen:     It increases your rate of health regeneration.
 w - a +0 pair of gloves (worn)
 x - an orb of energy (worn)
 G - +0 steam dragon scales (worn)
Magical Staves
 B - a staff of conjuration
Jewellery
 A - a +4 ring of protection (left hand)
 H - an amulet of reflection
 I - a ring of see invisible
 M - an amulet of magic regeneration (around neck)
 P - a ring of magical power (right hand)
Wands
 h - a wand of acid (1)
 v - a wand of flame (13)
 J - a wand of digging (7)
Scrolls
 b - 2 scrolls of summoning
 d - a scroll of vulnerability
 e - 2 scrolls of fear
 f - 2 scrolls of torment
 g - 4 scrolls of noise
 i - 2 scrolls of enchant armour
 m - 9 scrolls of teleportation
 n - a scroll of enchant weapon
 o - 2 scrolls of magic mapping
 u - a scroll of holy word
 y - 5 scrolls of identify
 z - 2 scrolls of silence
 C - 3 scrolls of blinking
 K - a scroll of amnesia
Potions
 j - 3 potions of curing
 p - 2 potions of might
 r - 2 potions of haste
 s - 5 potions of magic
 E - a potion of brilliance
 X - 5 potions of mutation
Miscellaneous
 l - a box of beasts (inert)


   Skills:
 - Level 5.6 Fighting
 - Level 0.9(4.4) Maces & Flails
 + Level 7.0(7.1) Staves
 - Level 2.0 Dodging
 - Level 2.0 Stealth
 - Level 8.8 Spellcasting
 + Level 13.3 Conjurations
 - Level 4.0 Hexes
 - Level 4.0 Translocations
 - Level 10.0 Evocations


You had 18 spell levels left.
You knew the following spells:

 Your Spells              Type           Power      Damage    Failure   Level
a - Apportation           Tloc           56%        N/A       1%          1
m - Iskenderun's Mystic   Conj/Tloc      50%        2d11      1%          4
p - Fulminant Prism       Conj/Hex       25%        3d14      1%          4
z - Searing Ray           Conj           100%       2d8       1%          2

Your spell library contained the following spells:

 Spells                   Type           Power      Damage    Failure   Level
 Frozen Ramparts          Ice            20%        1d4       5%          3
 Magic Dart               Conj           100%       1d8       1%          1
 Shock                    Conj/Air       100%       1d9       1%          1
 Slow                     Hex            100%       N/A       1%          1
 Dazzling Flash           Conj/Hex       100%       N/A       1%          3
 Confusing Touch          Hex            28%        N/A       3%          3
 Portal Projectile        Hex/Tloc       56%        N/A       3%          3
 Tukima's Dance           Hex            28%        N/A       3%          3
 Animate Skeleton         Necr           20%        N/A       6%          1
 Summon Small Mammal      Summ           40%        N/A       6%          1
 Passage of Golubria      Tloc           28%        N/A       12%         4
 Airstrike                Air            5%         N/A       17%         4
 Call Canine Familiar     Summ           10%        N/A       19%         3
 Swiftness                Air            10%        N/A       19%         3
 Vampiric Draining        Necr           10%        2d6       19%         3
 Yara's Violent Unravell  Hex/Tmut       9%         3d6       21%         5
 Leda's Liquefaction      Hex/Erth       9%         N/A       28%         4
 Summon Lightning Spire   Summ/Air       10%        N/A       54%         4
 Storm Form               Tmut/Air       5%         N/A       100%        7
 Maxwell's Capacitive Co  Air            5%         ∞         100%        8


Dungeon Overview and Level Annotations

Branches:
Dungeon (11/15)            Temple (1/1) D:4            Lair (1/6) D:11
Gauntlet (1/1)
    Orc: D:9-12

Altars:
Ashenzari
Cheibriados
Dithmenos
Elyvilon
Fedhas
Gozag
Hepliaklqana
Kikubaaqudgha
Makhleb
Nemelex Xobeh
Okawaru
Qazlal
Ru
Sif Muna
Trog
Uskayaw
Vehumet
Wu Jian
Xom
Yredelemnul
Zin
The Shining One

Shops:
D:7 (

Annotations:
D:8 1 runed translucent door, Gwenloh's ghost, novice GrEE Gauntlet 10 transporters, 2 runed translucent doors


Message History

The large abomination is knocked back by the mystic blast.
The mystic blast hits the large abomination.
The large abomination is almost destroyed.
The large abomination is knocked back by the mystic blast.
The large abomination slams into the translucent stone wall!
The large abomination is almost destroyed.
The large abomination hits you!
Casting: Iskenderun's Mystic Blast (mildly dangerous; 1% risk of failure)
Confirm with . or Enter, or press ? or * to list all spells.
You miscast Iskenderun's Mystic Blast.
You are very lightly contaminated with residual magic.
Nothing appears to happen.
The large abomination hits you!!
You enter the transporter and appear at another place.
The entropy weaver shouts!
The large abomination hits you!!
* * * LOW HITPOINT WARNING * * *
Casting: Iskenderun's Mystic Blast (mildly dangerous; 1% risk of failure)
Confirm with . or Enter, or press ? or * to list all spells.
You erupt in a blast of force!
The mystic blast hits the large abomination but does no damage.
The large abomination is almost destroyed.
Magical energy flows into your mind!
The large abomination barely misses you.
Casting: Iskenderun's Mystic Blast (mildly dangerous; 1% risk of failure)
Confirm with . or Enter, or press ? or * to list all spells.
You erupt in a blast of force!
The mystic blast hits the large abomination but does no damage.
The large abomination is almost destroyed.
The large abomination hits you.
* * * LOW HITPOINT WARNING * * *
Casting: Iskenderun's Mystic Blast (mildly dangerous; 1% risk of failure)
Confirm with . or Enter, or press ? or * to list all spells.
Aiming: Searing Ray (safe; 1% risk of failure)
Press: ? - help, Shift-Dir - straight line, f - large abomination
Aim: a large abomination (almost destroyed, 92% to hit)
The searing ray hits the large abomination.
The large abomination is almost destroyed. (Press . to maintain the ray.)
The large abomination hits you!
You die...

##≈.♣.##.#.#.##.♣.P.P..####
#≈≈.P.#$#.#.#.#......P..≈≈#
##≈...##.#©#.####.♣P♣P♣..≈#
##...#©#^#.#.#©#.........####
##≈.♣.##$#.#.##.#########..≈≈#
#≈≈...#[#.#.#2#.#.....#.#...≈#
##≈...##.#.#.##.#.###.#.#....###
##...#########.#...###.###...≈≈
##≈.♣.........#@#x..©...#©#.♣..≈
#≈≈.P.#########X#X..###.#.#.....
##≈...#s.....s#.#.###.#.#.#.PP♣.
. ##.P.#B.#B#..#.#.....#X#.#..PP.
.##..♣.#(.#.#..#.#########.#.♣PP.
.#..PP.#©.#©#..#©#.......#.#.....
.#.♣...#[.#.#..###...♣P..#.######
.#.....#..#.#..#....P..P.#.#.....
.#.....#.......#..P#≈#≈#.#.#.†###


You could see a hell beast, an entropy weaver, 2 large abominations, a redback
and a small abomination.

Vanquished Creatures
  An ogre mage (D:9)
  2 boulder beetles
  A death knight (D:9)
  2 two-headed ogres
  A centaur warrior (D:9)
  A tengu warrior (D:9)
  2 cyclopes
  A cane toad (Lair:1)
  Psyche (D:8)
  An unseen horror (D:6)
  A troll (D:6)
  A queen bee (Gauntlet)
  A slime creature (D:9)
  4 wraiths
  20 yaks
  A shadow (D:10)
  4 wyverns
  A steam dragon (D:9)
  Grum (D:9)
  4 vampire mosquitoes (D:9)
  2 acid dragons
  4 water moccasins
  An orc warrior (D:9)
  6 sky beasts
  A black bear (D:5)
  2 ice beasts
  2 ogres
  3 wolves (D:9)
  4 centaurs
  A phantom (D:6)
  2 kobold brigands
  Blork the orc (D:4)
  A gnoll sergeant (D:9)
  2 scorpions
  A necrophage (D:7)
  3 small abominations (Gauntlet)
  23 killer bees
  10 howler monkeys
  3 hounds
  A gnoll shaman (D:8)
  3 jellies
  4 orc priests
  An iron imp (D:8)
  3 iguanas (D:6)
  8 orc wizards
  8 gnolls
  15 adders
  A shadow imp (D:8)
  An ufetubus (D:6)
  A worm (D:5)
  A dart slug (D:3)
  23 orcs
  11 endoplasms
  2 giant cockroaches
  10 goblins
  7 hobgoblins
  4 jackals (D:4)
  25 kobolds
  6 quokkas
  8 ball pythons
  7 bats
  2 frilled lizards
  3 rats
278 creatures vanquished.

Vanquished Creatures (collateral kills)
  A wizard (D:9)
  An orc wizard (D:9)
2 creatures vanquished.

Vanquished Creatures (others)
  34 fulminant prisms
  17 plants
51 creatures vanquished.

Grand Total: 331 creatures vanquished

Notes
Turn   | Place    | Note
-------+----------+-------------------------------------------
     0 | D:1      | Armakuni the Human Conjurer began the quest for the Orb.
     0 | D:1      | Reached XP level 1. HP: 13/13 MP: 3/3
   261 | D:1      | Reached XP level 2. HP: 19/19 MP: 1/5
   500 | D:1      | Learned a level 2 spell: Searing Ray
   730 | D:1      | Reached XP level 3. HP: 24/24 MP: 2/6
   785 | D:1      | Found a faded altar of an unknown god.
  1362 | D:2      | Reached XP level 4. HP: 30/30 MP: 5/8
  1896 | D:2      | Reached skill level 5 in Conjurations
  2222 | D:2      | Found Kunimaut's Magic Scroll Emporium.
  2229 | D:2      | Bought a scroll of teleportation for 36 gold pieces
  2229 | D:2      | Bought a scroll of magic mapping for 42 gold pieces
  2229 | D:2      | Bought a scroll of identify for 24 gold pieces
  2671 | D:3      | Reached XP level 5. HP: 35/35 MP: 6/10
  2714 | D:3      | Found a basalt altar of Yredelemnul.
  3032 | D:3      | Learned a level 4 spell: Iskenderun's Mystic Blast
  3037 | D:3      | Learned a level 4 spell: Fulminant Prism
  3252 | D:3      | Reached XP level 6. HP: 41/41 MP: 8/11
  3449 | D:3      | Reached skill level 1 in Translocations
  4134 | D:4      | Found an ancient bone altar of Kikubaaqudgha.
  4134 | D:4      | Found a glowing silver altar of Zin.
  4134 | D:4      | Found a blossoming altar of Fedhas.
  4210 | D:4      | Noticed Blork the orc
  4793 | D:4      | Reached skill level 6 in Conjurations
  5102 | D:4      | Found a staircase to the Ecumenical Temple.
  5112 | Temple   | Entered the Ecumenical Temple
  5177 | Temple   | Became a worshipper of Vehumet
  5215 | D:4      | Killed Blork the orc
  5216 | D:4      | Reached XP level 7. HP: 41/46 MP: 4/13
  5315 | D:2      | Bought a scroll of amnesia for 42 gold pieces
  5315 | D:2      | Bought a scroll of fear for 42 gold pieces
  5315 | D:2      | Bought a scroll of identify for 24 gold pieces
  5315 | D:2      | Bought a scroll of teleportation for 36 gold pieces
  5588 | D:5      | Entered Level 5 of the Dungeon
  5742 | D:5      | Reached skill level 1 in Staves
  6060 | D:5      | Reached XP level 8. HP: 52/52 MP: 11/15
  6093 | D:5      | Found an ornate altar of the Wu Jian Council.
  6100 | D:5      | Reached skill level 5 in Spellcasting
  6100 | D:5      | Reached skill level 7 in Conjurations
  6134 | D:5      | Found a shimmering altar of Xom.
  6801 | D:5      | Found a white marble altar of Elyvilon.
  7471 | D:6      | Noticed a troll
  7621 | D:6      | Reached skill level 1 in Hexes
  7757 | D:6      | Reached skill level 8 in Conjurations
  7757 | D:6      | Reached XP level 9. HP: 42/57 MP: 8/17
  7823 | D:6      | Noticed an unseen horror
  7833 | D:6      | Killed an unseen horror
  7834 | D:6      | Reached skill level 9 in Conjurations
  8010 | D:6      | Killed a troll
  8160 | D:6      | Reached skill level 10 in Conjurations
  8168 | D:6      | Reached * piety under Vehumet
  8168 | D:6      | Offered knowledge of Sandblast by Vehumet.
  8707 | D:7      | Found Leab's Antique Weapon Emporium.
  8712 | D:7      | Bought a crystal morningstar for 189 gold pieces
  8712 | D:7      | Identified the +10 morningstar of Honour {venom, rN+} (You
                  | bought it in a shop on level 7 of the Dungeon)
  8913 | D:7      | Reached skill level 1 in Evocations
  8913 | D:7      | Reached XP level 10. HP: 63/63 MP: 20/20
  9760 | D:8      | Found a runed translucent door.
  9760 | D:8      | Noticed Gwenloh's ghost (novice GrEE)
  9909 | D:8      | Noticed Psyche
  9913 | D:8      | Killed Psyche
 10097 | D:8      | Reached skill level 5 in Fighting
 10097 | D:8      | Reached XP level 11. HP: 28/81 MP: 18/23
 10098 | D:8      | Offered knowledge of Freeze by Vehumet.
 10100 | D:8      | Reached ** piety under Vehumet
 10551 | D:8      | Found a snail-covered altar of Cheibriados.
 10924 | D:8      | Found a shimmering blue altar of Sif Muna.
 11095 | D:9      | Noticed Grum
 11124 | D:9      | Killed Grum
 11435 | D:9      | Noticed a tengu warrior
 11440 | D:9      | Noticed a centaur warrior
 11441 | D:9      | Noticed a wizard
 11443 | D:9      | Noticed a two-headed ogre
 11502 | D:10     | Entered Level 10 of the Dungeon
 12021 | D:9      | Offered knowledge of Static Discharge by Vehumet.
 12126 | D:9      | Reached *** piety under Vehumet
 12153 | D:9      | Learned a level 1 spell: Apportation
 12342 | D:9      | Found an opulent altar of Gozag.
 12392 | D:9      | Found a stormy altar of Qazlal.
 12640 | D:9      | Killed a wizard
 12641 | D:9      | Reached skill level 11 in Conjurations
 12641 | D:9      | Reached XP level 12. HP: 87/87 MP: 24/24
 12700 | D:9      | Killed a centaur warrior
 12733 | D:9      | Killed a two-headed ogre
 12752 | D:9      | Noticed a death knight
 12967 | D:9      | Killed a death knight
 13210 | D:9      | Noticed an ogre mage
 13219 | D:9      | Killed an ogre mage
 13223 | D:9      | Reached skill level 10 in Evocations
 13438 | D:9      | Killed a tengu warrior
 13439 | D:9      | Reached skill level 12 in Conjurations
 13675 | D:10     | Noticed a two-headed ogre
 13680 | D:10     | Killed a two-headed ogre
 13758 | D:10     | Found a burning altar of Makhleb.
 14095 | D:11     | Noticed a boulder beetle
 14218 | D:10     | Killed a boulder beetle
 14219 | D:10     | Reached skill level 5 in Staves
 14451 | D:11     | Found a staircase to the Lair.
 14467 | D:11     | Noticed a boulder beetle
 14526 | D:11     | Killed a boulder beetle
 14681 | D:11     | Offered knowledge of Olgreb's Toxic Radiance by Vehumet.
 15061 | D:11     | Reached XP level 13. HP: 73/93 MP: 20/25
 15349 | D:11     | Reached skill level 13 in Conjurations
 15455 | Lair:1   | Entered Level 1 of the Lair of Beasts
 15460 | Lair:1   | Found a gate leading to a gauntlet.
 15468 | Lair:1   | Reached **** piety under Vehumet
 15510 | Gauntlet | Entered a Gauntlet
 15510 | Gauntlet | Found a transporter.
 15558 | Gauntlet | Found a transporter.
 15558 | Gauntlet | Found a transporter.
 15563 | Gauntlet | Found a runed translucent door.
 15563 | Gauntlet | Found a runed translucent door.
 15568 | Gauntlet | Found a transporter.
 15571 | Gauntlet | Found a transporter.
 15579 | Gauntlet | Found a transporter.
 15579 | Gauntlet | Found the +2 hood of the Assassin {Detection Stab+ Stlth++}
 15592 | Gauntlet | Noticed a blizzard demon
 15595 | Gauntlet | Found a transporter.
 15606 | Gauntlet | Found a transporter.
 15617 | Gauntlet | Found a transporter.
 15624 | Gauntlet | Noticed a hell beast
 15631 | Gauntlet | Found a transporter.
 15640 | Gauntlet | Found a transporter.
 15642 | Gauntlet | Found a transporter.
 15683 | Gauntlet | Noticed an entropy weaver
 15686 | Gauntlet | Found a transporter.
 15703 | Gauntlet | Found a transporter.
 15787 | Gauntlet | Offered knowledge of Frozen Ramparts by Vehumet.
 15957 | Gauntlet | Identified the +1 cloak of a sewer {rF+ Regen+ Str+2}
 15994 | Gauntlet | Slain by a large abomination

Illustrated notes

Levels and vault maps discovered:
D:1:      psy_arrival_statuary, layout_loops_ring,
          hellmonk_ecumenical_altar_heavens_door
D:2:      layout_basic, serial_shops, shop, serial_bayou_crossing
D:3:      layout_loops_corners, mainiacjoe_overflow_chevrons,
          hangedman_feature_mirror
D:4:      layout_loops_ring, grunt_temple_overflow_open, temple_green,
          uniq_blork_the_orc
D:5:      layout_layer_cave, elyvilon_altar_4, jmf_multi_god_temple,
          amcnicky_mini_corridor_feature
D:6:      layout_cave_pools, minmay_divided_ellipse
D:7:      layout_loops_ring, serial_shops, nicolae_shop_hallway_plus
D:8:      layout_loops_corners, slow_altar_2, kennysheep_little_box,
          gammafunk_ghost_grave, grunt_ministairs_10, roderic_malta_cross,
          kennysheep_nondescript, uniq_psyche
D:9:      layout_irregular_city, nicolae_qazlal_style_of_elements,
          lemuel_coloured_pillars_altar, minmay_evil_grid, uniq_grum
D:10:     layout_long_grid, mainiacjoe_overflow_small_starburst
D:11:     layout_loops_ring, dpeg_oklobed_lair
Temple:   zaba_magenta_temple
Lair:1:   layout_cave_pods, gauntlet_entry_generic, serial_bayou_shore_a,
          grunt_megastairs_5, infiniplex_staircase_pool, uniq_joseph
Gauntlet: minmay_gauntlet_77_tree [minmay_gauntlet_arena_77_box,
          minmay_gauntlet_arena_77_mirror, minmay_gauntlet_arena_77_shame_cube,
          minmay_gauntlet_arena_77_checkered,
          minmay_gauntlet_arena_77_chump_sandwich, minmay_gauntlet_arena_77_fan,
          minmay_gauntlet_arena_77_braids, gauntlet_exit_green]

Skill      XL: |  1  2  3  4  5  6  7  8  9 10 11 12 13 |
---------------+----------------------------------------+-----
Spellcasting   | 3 4 5 6 8 |  8.8
Conjurations   | 5 6 8 10 11 12 13 | 13.3
Translocations | 2 4 |  4.0
Staves         | 1 3 6 7 |  7.0
Hexes          | 2 4 |  4.0
Evocations     | 1 7 9 10 | 10.0
Fighting       | 5 |  5.6
Maces & Flails | |  0.9
Dodging        | |  2.0
Stealth        | |  2.0

Action                   |  1- 3 |  4- 6 |  7- 9 | 10-12 | 13-15 || total
-------------------------+-------+-------+-------+-------+-------++-------
Melee: Trident           |       |     1 |       |       |       ||     1
       Dire flail        |       |       |     7 |       |       ||     7
       Morningstar       |       |       |       |    20 |    12 ||    32
Throw: Dart              |       |       |       |     2 |       ||     2
       Javelin           |       |       |       |     1 |       ||     1
 Cast: Magic Dart        |    49 |     1 |     2 |       |       ||    52
       Searing Ray       |     4 |    58 |    46 |    56 |     1 ||   165
       Iskenderun's Myst |       |       |    10 |    68 |    34 ||   112
       Fulminant Prism   |       |       |     2 |    32 |       ||    34
Evoke: Wand              |       |       |       |     4 |       ||     4
       Box of beasts     |       |       |       |     1 |       ||     1
  Use: Potion            |     1 |     1 |       |     7 |       ||     9
       Scroll            |       |     1 |    12 |     3 |     2 ||    18
 Stab: Distracted        |       |       |       |     1 |       ||     1
Armor: Robe              |       |     6 |     8 |    14 |       ||    28
       Skin              |       |       |       |     3 |       ||     3
       Steam dragon scal |       |       |       |    12 |    13 ||    25
Dodge: Dodged            |     3 |    17 |    34 |    80 |    22 ||   156
Block: Other             |       |     3 |    11 |     6 |       ||    20
       Reflection        |       |       |     1 |     5 |       ||     6
       Orb               |       |       |       |    29 |       ||    29

Table legend: (Time is in decaauts)
 A = Elapsed time spent in this place.
 B = Non-inter-level travel time spent in this place.
 C = Inter-level travel time spent in this place.
 D = Time resting spent in this place.
 E = Time spent auto-exploring this place.
 F = Levels seen in this place.
 G = Mean time per level.
                   A        B        C        D        E       F      G
               +--------+--------+--------+--------+--------+-----+--------+
         Total |  16025 |  15471 |    554 |   4374 |   8715 |  14 | 1144.6 |
       Dungeon |  15407 |  14867 |    540 |   4198 |   8430 |  11 | 1400.6 |
        Temple |     80 |     66 |     14 |      0 |     46 |   1 |   80.0 |
          Lair |     53 |     53 |      0 |     19 |      0 |   1 |   53.0 |
      Gauntlet |    484 |    484 |      0 |    157 |    239 |   1 |  484.0 |
               +--------+--------+--------+--------+--------+-----+--------+

Top non-repeatable levels by time:
     D:9: 2024 daAuts
     D:5: 1922 daAuts
     D:2: 1620 daAuts
     D:8: 1617 daAuts
     D:3: 1600 daAuts
    D:10: 1346 daAuts
     D:4: 1176 daAuts
     D:6: 1120 daAuts
     D:1: 1102 daAuts
    D:11: 1057 daAuts
     D:7: 819 daAuts
Gauntlet: 484 daAuts
  Temple: 80 daAuts
  Lair:1: 53 daAuts
